[ AOE2 MATCH · #486587123 ]
UnrankedWei vs Portuguese
[ REPLAY ANALYSIS · EXTRACTED FROM THE RECORDED GAME ]
Feudal
13:06
Castle
23:57
Imperial
—
| APM avg | 27.2 |
| APM peak | 45 |
| eAPM avg | 18.0 |
| Villagers / military | 86 / 16 |
Focus
⚔️ 31.7% · 🌾 68.3%
Fishing Ship ×13 · Archer ×7 · Unknown (2626) ×7 · Battering Ram ×5 · Unknown (1949) ×4 · Mangonel ×3
Feudal
12:34
Castle
16:09
Imperial
—
| APM avg | 44.0 |
| APM peak | 70 |
| eAPM avg | 23.0 |
| Villagers / military | 132 / 37 |
Focus
⚔️ 21.6% · 🌾 78.4%
Organ Gun ×33 · Fishing Ship ×11 · Mangonel ×3 · Unknown (2626) ×3 · Monk ×1
Feudal
13:44
Castle
18:29
Imperial
—
| APM avg | 47.8 |
| APM peak | 86 |
| eAPM avg | 20.2 |
| Villagers / military | 79 / 19 |
Focus
⚔️ 33.5% · 🌾 66.5%
Rattan Archer ×18 · Fishing Ship ×6 · Mangonel ×1
Feudal
14:51
Castle
18:27
Imperial
31:41
| APM avg | 44.6 |
| APM peak | 120 |
| eAPM avg | 17.4 |
| Villagers / military | 75 / 54 |
Focus
⚔️ 37.3% · 🌾 62.7%
Rattan Archer ×52 · Fishing Ship ×6 · Trebuchet (Packed) ×2
Match map
Initial resources + every placement click. Lines = walls · curves = elevation contours. ◆ gold · ⬟ stone · ● berries · ✦ relic · ◌ wall gap
Your base· ✓ Closed at 23:57 · 3t walls · no gate
Jonathan's base· Open — unwalled flank
DS_Uruguayo's base· ✓ Closed at 18:29 · 26t walls · no gate
FMG | Tano Stokes's base· Open — 6t gap
Smoothed initial terrain · ◌ = detected wall gap · hover for details
Inputs per minute
— |FMG| twitch/JabsUY - - Jonathan
Build order — |FMG| twitch/JabsUY
First 150 of 225 actions detected
| 0:10 | Build | Town Center |
| 1:08 | Build | Dock |
| 1:10 | Build | House |
| 2:28 | Research | Loom |
| 2:29 | Create | Villager (Male) |
| 2:29 | Create | Villager (Male) |
| 2:29 | Create | Villager (Male) |
| 2:29 | Create | Villager (Male) |
| 3:46 | Create | Fishing Ship |
| 3:47 | Create | Fishing Ship |
| 4:17 | Build | House |
| 4:25 | Create | Villager (Male) |
| 4:25 | Create | Villager (Male) |
| 4:38 | Create | Fishing Ship |
| 4:38 | Create | Fishing Ship |
| 4:44 | Research | Loom |
| 5:29 | Create | Fishing Ship |
| 5:29 | Create | Fishing Ship |
| 5:30 | Create | Fishing Ship |
| 6:01 | Create | Villager (Male) |
| 6:14 | Create | Villager (Male) |
| 6:36 | Build | Palisade Wall |
| 6:40 | Build | Palisade Wall |
| 6:54 | Create | Villager (Male) |
| 6:54 | Create | Villager (Male) |
| 6:55 | Create | Villager (Male) |
| 6:55 | Create | Fishing Ship |
| 6:55 | Create | Fishing Ship |
| 7:14 | Build | House |
| 7:15 | Create | Villager (Male) |
| 7:15 | Create | Villager (Male) |
| 7:39 | Create | Villager (Male) |
| 7:58 | Create | Villager (Male) |
| 7:59 | Create | Villager (Male) |
| 8:15 | Create | Fishing Ship |
| 8:16 | Create | Fishing Ship |
| 8:32 | Build | House |
| 9:20 | Create | Villager (Male) |
| 9:25 | Create | Fishing Ship |
| 9:25 | Create | Fishing Ship |
| 9:53 | Create | Villager (Male) |
| 10:17 | Build | Mining Camp |
| 10:19 | Create | Villager (Male) |
| 10:54 | Research | Feudal Age |
| 11:41 | Build | Barracks |
| 11:44 | Build | House |
| 12:50 | Create | Villager (Male) |
| 13:06 | Age | Feudal Age |
| 13:07 | Build | Archery Range |
| 13:10 | Build | Lumber Camp |
| 13:10 | Create | Villager (Male) |
| 13:11 | Research | Gold Mining |
| 13:21 | Build | House |
| 13:22 | Build | House |
| 13:43 | Create | Villager (Male) |
| 13:47 | Research | Double-Bit Axe |
| 14:04 | Create | Archer |
| 14:04 | Create | Archer |
| 14:04 | Create | Archer |
| 14:21 | Create | Villager (Male) |
| 14:24 | Create | Villager (Male) |
| 14:29 | Research | Tech 906 |
| 14:39 | Build | Mill |
| 14:40 | Create | Villager (Male) |
| 14:45 | Create | Archer |
| 15:07 | Create | Archer |
| 15:22 | Build | Blacksmith |
| 15:23 | Build | House |
| 15:27 | Create | Villager (Male) |
| 15:30 | Research | Horse Collar |
| 15:32 | Create | Archer |
| 15:51 | Create | Skirmisher |
| 16:12 | Create | Villager (Male) |
| 16:13 | Create | Villager (Male) |
| 16:41 | Build | House |
| 16:54 | Build | House |
| 16:56 | Create | Villager (Male) |
| 17:37 | Create | Villager (Male) |
| 17:37 | Create | Villager (Male) |
| 17:51 | Build | House |
| 17:52 | Build | House |
| 17:53 | Create | Villager (Male) |
| 17:59 | Build | Dock |
| 18:18 | Build | Archery Range |
| 18:32 | Build | Farm |
| 18:34 | Build | Farm |
| 18:36 | Build | Farm |
| 18:38 | Build | Farm |
| 18:44 | Create | Archer |
| 19:07 | Create | Villager (Male) |
| 19:07 | Create | Villager (Male) |
| 19:12 | Build | Mill |
| 19:45 | Build | House |
| 19:46 | Build | House |
| 19:47 | Build | House |
| 19:48 | Build | House |
| 19:57 | Build | Market |
| 19:59 | Create | Villager (Male) |
| 19:59 | Create | Villager (Male) |
| 19:59 | Create | Villager (Male) |
| 20:16 | Build | Dock |
| 20:30 | Build | Watch Tower |
| 20:42 | Build | House |
| 20:45 | Build | House |
| 21:06 | Create | Villager (Male) |
| 21:17 | Research | Castle Age |
| 21:20 | Build | House |
| 21:30 | Build | House |
| 21:31 | Build | Palisade Wall |
| 21:32 | Build | House |
| 21:56 | Build | Mining Camp |
| 21:57 | Create | Villager (Male) |
| 22:21 | Build | House |
| 22:24 | Build | House |
| 22:30 | Build | House |
| 22:32 | Build | House |
| 23:10 | Create | Villager (Male) |
| 23:11 | Create | Villager (Male) |
| 23:29 | Create | Villager (Male) |
| 23:29 | Create | Villager (Male) |
| 23:37 | Create | Unit 2626 |
| 23:37 | Create | Unit 2626 |
| 23:37 | Create | Unit 2626 |
| 23:40 | Create | Villager (Male) |
| 23:57 | Age | Castle Age |
| 24:00 | Build | Siege Workshop |
| 24:03 | Create | Villager (Male) |
| 24:08 | Build | House |
| 24:10 | Build | House |
| 24:17 | Build | House |
| 24:23 | Research | Bow Saw |
| 24:35 | Build | Palisade Wall |
| 24:38 | Create | Mangonel |
| 24:38 | Create | Mangonel |
| 24:41 | Build | House |
| 24:45 | Build | House |
| 24:50 | Build | House |
| 25:01 | Create | Villager (Male) |
| 25:15 | Build | Farm |
| 25:17 | Build | Farm |
| 25:37 | Create | Villager (Male) |
| 25:40 | Build | Mining Camp |
| 25:52 | Create | Villager (Male) |
| 26:06 | Research | War Galley (upgrade) |
| 26:06 | Create | Villager (Male) |
| 26:07 | Create | Villager (Male) |
| 26:31 | Create | Mangonel |
| 26:54 | Create | Villager (Male) |
| 27:10 | Build | Castle |
| 27:17 | Create | Villager (Male) |
Build order — Jonathan
First 150 of 273 actions detected
| 0:13 | Build | Town Center |
| 0:20 | Build | Dock |
| 0:24 | Build | House |
| 2:25 | Create | Villager (Male) |
| 2:26 | Create | Villager (Male) |
| 2:26 | Create | Villager (Male) |
| 2:26 | Create | Villager (Male) |
| 2:26 | Create | Villager (Male) |
| 3:22 | Create | Fishing Ship |
| 3:29 | Create | Villager (Male) |
| 3:53 | Build | House |
| 4:37 | Create | Fishing Ship |
| 4:45 | Create | Villager (Male) |
| 4:45 | Create | Villager (Male) |
| 5:11 | Create | Fishing Ship |
| 5:11 | Create | Fishing Ship |
| 5:12 | Research | Loom |
| 5:35 | Create | Villager (Male) |
| 5:36 | Create | Villager (Male) |
| 5:40 | Build | House |
| 6:06 | Create | Villager (Male) |
| 6:16 | Create | Fishing Ship |
| 6:16 | Create | Fishing Ship |
| 6:16 | Create | Fishing Ship |
| 6:31 | Create | Villager (Male) |
| 6:46 | Create | Villager (Male) |
| 6:47 | Create | Villager (Male) |
| 7:09 | Create | Fishing Ship |
| 7:24 | Create | Villager (Male) |
| 7:50 | Create | Villager (Male) |
| 7:52 | Create | Fishing Ship |
| 8:14 | Create | Villager (Male) |
| 8:18 | Build | House |
| 8:23 | Create | Villager (Male) |
| 8:29 | Build | Mill |
| 8:32 | Build | House |
| 9:06 | Create | Villager (Male) |
| 9:11 | Create | Fishing Ship |
| 9:25 | Build | House |
| 9:43 | Create | Villager (Male) |
| 10:24 | Research | Feudal Age |
| 10:32 | Build | Mining Camp |
| 10:54 | Create | Villager (Male) |
| 10:55 | Create | Villager (Male) |
| 12:34 | Age | Feudal Age |
| 12:35 | Build | Market |
| 12:36 | Build | Blacksmith |
| 13:29 | Research | Castle Age |
| 13:59 | Build | Mining Camp |
| 14:14 | Build | Lumber Camp |
| 14:29 | Build | House |
| 14:30 | Build | House |
| 14:54 | Create | Villager (Male) |
| 14:54 | Create | Villager (Male) |
| 14:59 | Research | Double-Bit Axe |
| 15:22 | Create | Villager (Male) |
| 16:09 | Age | Castle Age |
| 16:24 | Build | Town Center |
| 16:37 | Research | Bow Saw |
| 17:18 | Create | Villager (Male) |
| 17:18 | Create | Villager (Male) |
| 17:52 | Build | Palisade Gate |
| 18:12 | Create | Villager (Male) |
| 18:12 | Create | Villager (Male) |
| 18:12 | Create | Villager (Male) |
| 18:51 | Create | Villager (Male) |
| 19:00 | Build | House |
| 19:03 | Create | Villager (Male) |
| 19:03 | Create | Villager (Male) |
| 19:06 | Build | Farm |
| 19:09 | Build | Farm |
| 19:14 | Build | Farm |
| 19:17 | Create | Villager (Male) |
| 19:44 | Create | Villager (Male) |
| 19:59 | Build | Town Center |
| 20:03 | Create | Villager (Male) |
| 20:06 | Build | Farm |
| 20:10 | Build | Farm |
| 20:24 | Create | Villager (Male) |
| 20:24 | Create | Villager (Male) |
| 20:28 | Build | Farm |
| 20:31 | Build | Farm |
| 20:59 | Build | Castle |
| 21:01 | Create | Villager (Male) |
| 21:01 | Create | Villager (Male) |
| 21:01 | Create | Villager (Male) |
| 21:04 | Create | Fishing Ship |
| 21:10 | Create | Villager (Male) |
| 21:24 | Build | Farm |
| 21:27 | Build | Farm |
| 21:31 | Build | Farm |
| 21:34 | Build | Farm |
| 21:36 | Create | Villager (Male) |
| 21:41 | Research | Horse Collar |
| 21:42 | Create | Villager (Male) |
| 21:42 | Create | Villager (Male) |
| 21:46 | Build | Farm |
| 21:49 | Build | Farm |
| 21:52 | Build | Farm |
| 21:55 | Build | Farm |
| 22:01 | Create | Villager (Male) |
| 22:12 | Create | Villager (Male) |
| 22:13 | Create | Villager (Male) |
| 22:13 | Create | Villager (Male) |
| 22:20 | Create | Villager (Male) |
| 22:20 | Create | Villager (Male) |
| 22:25 | Create | Villager (Male) |
| 22:28 | Create | Unit 2626 |
| 22:29 | Create | Unit 2626 |
| 22:45 | Create | Organ Gun |
| 22:51 | Build | Lumber Camp |
| 23:01 | Create | Villager (Male) |
| 23:01 | Create | Villager (Male) |
| 23:11 | Create | Villager (Male) |
| 23:12 | Create | Organ Gun |
| 23:26 | Create | Villager (Male) |
| 23:26 | Create | Villager (Male) |
| 23:27 | Create | Villager (Male) |
| 23:33 | Build | Farm |
| 23:35 | Build | Farm |
| 23:40 | Create | Organ Gun |
| 23:51 | Create | Villager (Male) |
| 23:52 | Create | Villager (Male) |
| 23:52 | Create | Villager (Male) |
| 23:55 | Build | Farm |
| 23:57 | Build | Farm |
| 23:57 | Build | Farm |
| 23:57 | Build | Farm |
| 23:58 | Build | Farm |
| 23:59 | Create | Villager (Male) |
| 23:59 | Create | Villager (Male) |
| 24:04 | Create | Villager (Male) |
| 24:04 | Create | Villager (Male) |
| 24:15 | Build | Siege Workshop |
| 24:19 | Create | Organ Gun |
| 24:19 | Create | Organ Gun |
| 24:20 | Create | Villager (Male) |
| 24:21 | Create | Villager (Male) |
| 24:21 | Create | Villager (Male) |
| 24:32 | Create | Villager (Male) |
| 24:33 | Create | Villager (Male) |
| 24:39 | Create | Villager (Male) |
| 24:42 | Build | Monastery |
| 24:45 | Create | Villager (Male) |
| 24:46 | Create | Villager (Male) |
| 24:54 | Create | Villager (Male) |
| 24:54 | Create | Villager (Male) |
| 24:56 | Create | Organ Gun |
| 24:56 | Create | Organ Gun |
| 25:08 | Create | Unit 2626 |
Build order — DS_Uruguayo
First 150 of 183 actions detected
| 0:21 | Build | Town Center |
| 0:50 | Build | House |
| 1:45 | Build | Dock |
| 3:02 | Create | Villager (Male) |
| 3:03 | Create | Villager (Male) |
| 3:30 | Create | Villager (Male) |
| 3:36 | Create | Villager (Male) |
| 4:41 | Create | Villager (Male) |
| 4:43 | Create | Fishing Ship |
| 5:45 | Create | Villager (Male) |
| 5:45 | Create | Villager (Male) |
| 6:13 | Create | Villager (Male) |
| 6:13 | Create | Villager (Male) |
| 6:20 | Build | House |
| 6:28 | Research | Loom |
| 6:31 | Create | Villager (Male) |
| 6:31 | Create | Villager (Male) |
| 6:46 | Create | Villager (Male) |
| 7:07 | Build | Mill |
| 7:14 | Create | Villager (Male) |
| 7:28 | Create | Villager (Male) |
| 7:41 | Create | Fishing Ship |
| 8:04 | Build | House |
| 8:21 | Create | Villager (Male) |
| 8:40 | Create | Villager (Male) |
| 8:57 | Create | Villager (Male) |
| 9:06 | Create | Fishing Ship |
| 9:37 | Create | Fishing Ship |
| 9:39 | Create | Villager (Male) |
| 9:45 | Create | Villager (Male) |
| 9:52 | Build | House |
| 10:11 | Create | Villager (Male) |
| 10:18 | Build | House |
| 10:32 | Create | Villager (Male) |
| 10:53 | Build | Mining Camp |
| 10:59 | Create | Villager (Male) |
| 11:33 | Research | Feudal Age |
| 13:44 | Age | Feudal Age |
| 13:49 | Build | Market |
| 13:52 | Build | Blacksmith |
| 13:58 | Create | Villager (Male) |
| 14:08 | Build | Palisade Wall |
| 14:12 | Build | Palisade Wall |
| 14:18 | Create | Villager (Male) |
| 14:26 | Create | Villager (Male) |
| 14:49 | Create | Fishing Ship |
| 15:13 | Build | House |
| 15:49 | Research | Castle Age |
| 15:50 | Research | Castle Age |
| 16:33 | Build | House |
| 16:34 | Build | Palisade Wall |
| 16:35 | Create | Villager (Male) |
| 17:09 | Create | Villager (Male) |
| 18:19 | Create | Villager (Male) |
| 18:29 | Age | Castle Age |
| 18:35 | Build | Castle |
| 18:41 | Build | Castle |
| 18:53 | Build | Market |
| 18:56 | Build | Market |
| 18:58 | Build | Market |
| 19:08 | Create | Villager (Male) |
| 19:22 | Create | Villager (Male) |
| 19:42 | Build | Lumber Camp |
| 19:47 | Create | Rattan Archer |
| 19:47 | Create | Rattan Archer |
| 19:55 | Build | Mining Camp |
| 20:03 | Create | Villager (Male) |
| 20:08 | Build | House |
| 20:09 | Build | Palisade Wall |
| 20:10 | Create | Fishing Ship |
| 20:21 | Create | Villager (Male) |
| 20:36 | Create | Villager (Male) |
| 20:41 | Create | Rattan Archer |
| 20:41 | Create | Rattan Archer |
| 20:43 | Create | Villager (Male) |
| 21:02 | Create | Villager (Male) |
| 21:23 | Research | Fletching |
| 21:23 | Research | Fletching |
| 21:23 | Research | Fletching |
| 21:41 | Create | Rattan Archer |
| 21:43 | Create | Rattan Archer |
| 21:48 | Build | Lumber Camp |
| 22:06 | Create | Villager (Male) |
| 22:06 | Create | Villager (Male) |
| 22:21 | Create | Villager (Male) |
| 22:46 | Create | Rattan Archer |
| 23:13 | Create | Villager (Male) |
| 23:14 | Create | Rattan Archer |
| 23:40 | Create | Villager (Male) |
| 23:49 | Build | Town Center |
| 23:52 | Create | Rattan Archer |
| 24:18 | Create | Villager (Male) |
| 24:20 | Create | Villager (Male) |
| 24:29 | Create | Villager (Male) |
| 24:33 | Create | Rattan Archer |
| 24:33 | Create | Rattan Archer |
| 24:42 | Create | Villager (Male) |
| 25:00 | Create | Villager (Male) |
| 25:10 | Create | Rattan Archer |
| 25:16 | Build | Palisade Gate |
| 25:26 | Create | Rattan Archer |
| 25:28 | Create | Villager (Male) |
| 25:29 | Build | Farm |
| 25:35 | Research | Double-Bit Axe |
| 25:36 | Research | Horse Collar |
| 25:36 | Research | Horse Collar |
| 25:59 | Build | Lumber Camp |
| 26:02 | Create | Rattan Archer |
| 26:08 | Create | Villager (Male) |
| 26:31 | Build | Farm |
| 26:31 | Build | Farm |
| 26:31 | Build | Farm |
| 26:32 | Build | Farm |
| 26:32 | Build | Farm |
| 26:32 | Build | Farm |
| 26:32 | Build | Farm |
| 26:32 | Build | Farm |
| 26:41 | Create | Villager (Male) |
| 26:54 | Create | Villager (Male) |
| 27:23 | Create | Villager (Male) |
| 27:26 | Research | Bodkin Arrow |
| 27:38 | Create | Villager (Male) |
| 28:22 | Create | Villager (Male) |
| 28:22 | Create | Villager (Male) |
| 28:23 | Create | Villager (Male) |
| 28:31 | Build | Farm |
| 28:32 | Build | Farm |
| 28:32 | Build | Farm |
| 28:32 | Build | Farm |
| 28:32 | Build | Farm |
| 28:32 | Build | Farm |
| 28:33 | Build | Farm |
| 28:33 | Build | Farm |
| 28:33 | Build | Farm |
| 28:33 | Build | Farm |
| 28:33 | Build | Farm |
| 28:33 | Build | Farm |
| 28:41 | Build | Castle |
| 28:49 | Create | Villager (Male) |
| 28:52 | Build | University |
| 28:55 | Create | Villager (Male) ×2 |
| 28:59 | Research | Bow Saw |
| 28:59 | Research | Bow Saw |
| 28:59 | Research | Bow Saw |
| 29:20 | Create | Villager (Male) |
| 29:22 | Create | Rattan Archer |
| 29:23 | Create | Rattan Archer |
| 29:37 | Build | Farm |
| 29:40 | Create | Villager (Male) |
| 30:10 | Build | Castle |
Build order — FMG | Tano Stokes
First 150 of 217 actions detected
| 0:54 | Build | Town Center |
| 2:00 | Build | House |
| 2:02 | Build | House |
| 3:03 | Create | Villager (Male) |
| 3:03 | Create | Villager (Male) |
| 3:04 | Create | Villager (Male) |
| 3:04 | Create | Villager (Male) |
| 3:04 | Create | Villager (Male) |
| 3:04 | Create | Villager (Male) |
| 3:25 | Build | Dock |
| 4:33 | Create | Fishing Ship |
| 5:07 | Build | House |
| 5:27 | Create | Fishing Ship |
| 5:27 | Create | Fishing Ship |
| 5:40 | Create | Villager (Male) |
| 6:17 | Create | Villager (Male) |
| 6:22 | Create | Fishing Ship |
| 6:27 | Create | Villager (Male) |
| 6:27 | Create | Villager (Male) |
| 6:58 | Create | Villager (Male) |
| 7:00 | Build | House |
| 7:10 | Build | House |
| 7:14 | Create | Villager (Male) |
| 7:18 | Build | House |
| 7:44 | Build | House |
| 7:46 | Create | Villager (Male) |
| 7:53 | Create | Fishing Ship |
| 8:27 | Create | Villager (Male) |
| 8:34 | Create | Villager (Male) |
| 8:55 | Create | Villager (Male) |
| 9:21 | Create | Villager (Male) |
| 9:21 | Create | Fishing Ship |
| 9:31 | Build | House |
| 9:39 | Create | Villager (Male) |
| 10:11 | Build | Mill |
| 10:15 | Build | Mill |
| 10:28 | Build | House |
| 10:36 | Create | Villager (Male) |
| 10:36 | Create | Villager (Male) |
| 11:11 | Create | Villager (Male) |
| 11:36 | Build | House |
| 11:44 | Build | Mining Camp |
| 11:48 | Create | Villager (Male) |
| 12:09 | Create | Villager (Male) |
| 12:21 | Build | Mining Camp |
| 12:35 | Research | Feudal Age |
| 13:32 | Create | Villager (Male) |
| 13:33 | Create | Villager (Male) |
| 14:40 | Build | House |
| 14:51 | Age | Feudal Age |
| 14:53 | Build | Market |
| 14:56 | Build | Blacksmith |
| 14:58 | Build | House |
| 15:14 | Build | House |
| 15:47 | Research | Castle Age |
| 15:47 | Research | Castle Age |
| 16:00 | Build | Lumber Camp |
| 16:06 | Build | Lumber Camp |
| 16:16 | Build | Lumber Camp |
| 16:30 | Research | Fletching |
| 16:31 | Research | Padded Archer Armor |
| 16:34 | Research | Gold Mining |
| 16:36 | Create | Villager (Male) |
| 16:59 | Build | House |
| 17:00 | Build | House |
| 17:17 | Research | Double-Bit Axe |
| 17:49 | Build | House |
| 18:27 | Age | Castle Age |
| 18:53 | Build | Castle |
| 18:56 | Create | Villager (Male) |
| 18:56 | Create | Villager (Male) |
| 19:17 | Build | Barracks |
| 19:23 | Create | Villager (Male) |
| 19:31 | Research | Bow Saw |
| 19:35 | Research | Horse Collar |
| 19:39 | Research | Tech 906 |
| 19:52 | Research | Bodkin Arrow |
| 19:52 | Research | Leather Archer Armor |
| 20:04 | Create | Villager (Male) |
| 20:04 | Create | Villager (Male) |
| 20:17 | Create | Rattan Archer |
| 20:17 | Create | Rattan Archer |
| 20:18 | Create | Rattan Archer |
| 20:18 | Create | Rattan Archer |
| 20:18 | Create | Rattan Archer |
| 20:22 | Build | Mining Camp |
| 20:33 | Create | Villager (Male) |
| 21:00 | Create | Rattan Archer |
| 21:00 | Create | Rattan Archer |
| 21:01 | Create | Villager (Male) |
| 21:27 | Create | Villager (Male) |
| 21:27 | Create | Villager (Male) |
| 21:31 | Build | Farm |
| 21:31 | Build | Farm |
| 21:32 | Build | Farm |
| 21:32 | Build | Farm |
| 21:39 | Create | Rattan Archer |
| 21:39 | Create | Rattan Archer |
| 21:40 | Create | Rattan Archer |
| 21:44 | Create | Villager (Male) |
| 21:56 | Build | Farm |
| 22:01 | Create | Rattan Archer |
| 22:21 | Create | Villager (Male) |
| 22:21 | Create | Rattan Archer |
| 22:24 | Research | Leather Archer Armor |
| 23:01 | Create | Rattan Archer |
| 23:02 | Create | Rattan Archer |
| 23:10 | Create | Villager (Male) |
| 23:10 | Create | Villager (Male) |
| 23:13 | Create | Villager (Male) |
| 23:43 | Create | Rattan Archer |
| 23:43 | Create | Rattan Archer |
| 23:43 | Create | Rattan Archer |
| 23:54 | Create | Villager (Male) |
| 23:59 | Build | House |
| 24:01 | Build | House |
| 24:03 | Build | House |
| 24:04 | Build | Palisade Wall |
| 24:14 | Create | Villager (Male) |
| 24:17 | Create | Rattan Archer |
| 24:17 | Create | Rattan Archer |
| 24:27 | Create | Villager (Male) |
| 24:49 | Create | Villager (Male) |
| 24:49 | Create | Rattan Archer |
| 24:49 | Create | Rattan Archer |
| 24:49 | Create | Rattan Archer |
| 25:00 | Create | Rattan Archer |
| 25:01 | Create | Rattan Archer |
| 25:04 | Create | Villager (Male) |
| 25:21 | Create | Rattan Archer |
| 25:24 | Create | Villager (Male) |
| 25:52 | Create | Rattan Archer |
| 25:53 | Create | Rattan Archer |
| 26:18 | Create | Rattan Archer |
| 26:20 | Create | Villager (Male) |
| 26:25 | Create | Rattan Archer |
| 26:36 | Build | University |
| 26:38 | Build | House |
| 26:49 | Create | Rattan Archer |
| 27:00 | Create | Rattan Archer |
| 27:23 | Create | Villager (Male) |
| 27:24 | Create | Rattan Archer |
| 27:36 | Create | Villager (Male) |
| 27:37 | Create | Rattan Archer |
| 27:38 | Create | Rattan Archer |
| 27:43 | Build | House |
| 27:44 | Build | House |
| 27:44 | Build | House |
| 27:44 | Build | House |
| 27:44 | Build | House |
Match timeline
| 0:20 | Jonathan · first_building Dock |
| 1:08 | |FMG| twitch/JabsUY · first_building Dock |
| 1:45 | DS_Uruguayo · first_building Dock |
| 3:25 | FMG | Tano Stokes · first_building Dock |
| 6:36 | |FMG| twitch/JabsUY · wall_segment Palisade Wall x1 |
| 6:40 | |FMG| twitch/JabsUY · wall_segment Palisade Wall x1 |
| 11:41 | |FMG| twitch/JabsUY · first_building Barracks |
| 12:34 | Jonathan · age_up feudal |
| 13:06 | |FMG| twitch/JabsUY · age_up feudal |
| 13:07 | |FMG| twitch/JabsUY · first_building Archery Range |
| 13:44 | DS_Uruguayo · age_up feudal |
| 14:08 | DS_Uruguayo · wall_segment Palisade Wall x12 |
| 14:12 | DS_Uruguayo · wall_segment Palisade Wall x5 |
| 14:51 | FMG | Tano Stokes · age_up feudal |
| 15:18 | DS_Uruguayo · first_market_sell 100 stone |
| 15:22 | DS_Uruguayo · first_market_buy 100 food |
| 16:09 | Jonathan · age_up castle |
| 16:34 | DS_Uruguayo · wall_segment Palisade Wall x9 |
| 18:27 | FMG | Tano Stokes · age_up castle |
| 18:29 | DS_Uruguayo · age_up castle |
| 18:35 | DS_Uruguayo · first_building Castle |
| 18:53 | FMG | Tano Stokes · first_building Castle |
| 19:17 | FMG | Tano Stokes · first_building Barracks |
| 19:50 | Jonathan · first_market_buy 100 wood |
| 20:09 | DS_Uruguayo · wall_segment Palisade Wall x4 |
| 20:56 | |FMG| twitch/JabsUY · first_market_buy 100 food |
| 20:59 | Jonathan · first_building Castle |
| 21:12 | |FMG| twitch/JabsUY · first_market_sell 100 wood |
| 21:31 | |FMG| twitch/JabsUY · wall_segment Palisade Wall x1 |
| 23:57 | |FMG| twitch/JabsUY · age_up castle |
| 24:00 | |FMG| twitch/JabsUY · first_building Siege Workshop |
| 24:04 | FMG | Tano Stokes · wall_segment Palisade Wall x2 |
| 24:15 | Jonathan · first_building Siege Workshop |
| 24:35 | |FMG| twitch/JabsUY · wall_segment Palisade Wall x1 |
| 24:42 | Jonathan · first_building Monastery |
| 25:25 | Jonathan · first_market_sell 100 food |
| 27:10 | |FMG| twitch/JabsUY · first_building Castle |
| 31:14 | DS_Uruguayo · first_building Siege Workshop |
| 31:41 | FMG | Tano Stokes · age_up imperial |
| 34:19 | DS_Uruguayo · resign |
[ AI ANALYSIS · 1 CREDIT ]
What really happened in this match?
Wolo.gg analyzes every decision: build order, eco, micro, common mistakes by bracket. Personalized analysis on WhatsApp or Discord in 30 seconds.
Civ guide
Wei
Perfil
|FMG| twitch/JabsUY